Deafold, lawful female dwarven Valkyrie -------- ----- ##-...>..-##### ##.....# ------------- # |......| |...|# |...........| ### |......| ###....|# ##..<.........+ # |......| ##-----# # ----------.-- # ----.-.- ##### ### ## # # # # # # # # -----------# ############ ## ##### |.........|# # # # # --.-- |.........|# ###### # |(..| |.........|# . -.- ###|...| |SS.......|# |.....+ #....| |hS.......|# |.....| ----- |SS........# |.....+ ----------- ------- Deafold the Skirmisher Experience level: 5 Strength: 10 Dexterity: 13 Constitution: 20 Intelligence: 12 Wisdom: 8 Charisma: 7 Health: 0(62) Energy: 7(7) Def: 7 Gold: 94 Moves: 2712 Dungeon seed: OBURp0d2-DGfujU- Game ID: Deafold_1560591830 Your Inventory: Coins $ - 94 gold pieces Weapons a - an uncursed thoroughly rusty +1 long sword (weapon in hand) b - a blessed +0 dagger Armor e - an uncursed +3 small shield (being worn) n - an uncursed +0 elven leather helm (being worn) y - an uncursed +0 leather armor (being worn) Comestibles c - an uncursed food ration Scrolls d - a cursed scroll of create monster Rings x - an uncursed ring of fire resistance Tools q - an uncursed skeleton key s - an uncursed magic marker (0:76) Gems r - an uncursed worthless piece of violet glass Spells and supernatural/magical abilities: Name Level Category Fail Memory W - pray for help -- divine ? -- Your skills at the end: Fighting Skills Weapon Skills dagger [Basic] long sword [Basic] Spellcasting Skills Final Attributes: You were piously aligned. You were cold resistant. You had infravision. You were stealthy. You were lucky. You are dead. Vanquished creatures: a small mimic 2 shriekers a kobold mummy a red naga hatchling a kitten a homunculus a wererat 2 iguanas a hobbit 2 red molds 3 geckos 4 jackals a fox a kobold a goblin a sewer rat 6 grid bugs 2 bats 5 lichens 7 newts 44 creatures vanquished. Voluntary challenges: You had been an atheist until turn 2055. You used a wielded weapon 52 times, starting on turn 5. You read items or engraved 2 times, starting on turn 2057. You never genocided any monsters. You never polymorphed an object. You changed form 1 time, starting on turn 2145. You used no wishes. You never split a pudding. You never wrote Elbereth's name. You never violated your personal moral code. You abstained from Elbereth's help. Dungeon overview: The Dungeons of Doom: levels 1 to 4 Level 1 (nymph) a long staircase Level 2 Level 3 a bookstore stairs to The Gnomish Mines Level 4 <- You were here a fountain The Gnomish Mines: levels 4 to 7 Level 4 stairs to The Dungeons of Doom Level 5 Level 6 many shops, a temple to Loki, some fountains Level 7 History has recorded: On T:1 you entered the Dungeons of Doom to retrieve the Amulet of Yendor! On T:361 you reached level 2 of The Dungeons of Doom. On T:403 you advanced to experience level 2. On T:668 you reached level 3 of The Dungeons of Doom. On T:691 you reached level 4 of The Dungeons of Doom. On T:974 you advanced to experience level 3. On T:1037 you reached level 1 of The Gnomish Mines. On T:1291 you advanced to experience level 4. On T:1321 you reached level 2 of The Gnomish Mines. On T:1547 you reached level 3 of The Gnomish Mines. On T:1863 you reached level 4 of The Gnomish Mines. On T:1979 you advanced to experience level 5. Score breakdown: Gold: 94 ( 6727 points) Experience: 5 levels (11141 points) Exploration: 7 levels ( 14.00%) (10497 points) Discoveries: 2 items ( 0.81%) ( 2705 points) Valuables value: (no points given unless you survive) Artifact value: 0 ( 0 points) Variety of kills: 20 monsters ( 5.25%) ( 6873 points) Turncount: 2712 turns ( -450 points) Survival: died (score multiplied by 80%) Total score: 29994 Latest messages: An endless stream of snakes pours forth! The water moccasin bites! (2x) The water moccasin's bite was poisoned! You feel weaker! The water moccasin bites! (2x) The water moccasin just misses! You miss the water moccasin. The water moccasin bites! (4x) The water moccasin's bite was poisoned! The water moccasin bites! (3x) The water moccasin misses. (2x) The water moccasin bites! You miss the water moccasin. The water moccasin bites! The water moccasin misses. The water moccasin bites! (2x) The water moccasin's bite was poisoned! You feel weaker! The water moccasin bites! You die... Final status: Farvel Deafold the Valkyrie, killed by a water moccasin... You died in The Dungeons of Doom on dungeon level 4 with 29994 points, and 94 pieces of gold, after 2712 moves. You were level 5 with a maximum of 62 hit points when you died.